 Dungeon Crawl Stone Soup version 0.32-a0-131-g9dbbe29261 (webtiles) character file.

Game seed: 17244459474051093156

6 Wizardish the Trooper (level 1, 18/20 HPs)
             Began as a Hill Orc Fighter on Feb 9, 2024.
             Quit the game on level 1 of the Dungeon.
             The game lasted 00:01:00 (215 turns).

Wizardish the Trooper (Hill Orc Fighter)             Turns: 215, Time: 00:01:00

Health: 18/20      AC:  6    Str: 18    XL:     1   Next: 90%
Magic:  1/1        EV:  9    Int:  8    God:
Gold:   0          SH:  4    Dex: 10    Spells: 0/0 levels left

rFire   . . .        a - +0 rapier
rCold   . . .        c - +0 buckler
rNeg    . . .        b - +0 scale mail
rPois   .            (no helmet)
rElec   .            (no cloak)
rCorr   .            (no gloves)
SInv    .            (no boots)
Will    .....        (no amulet) Stlth
                     (no ring)
HPRegen 0.23/turn    (no ring)
MPRegen 0.07/turn

%: no passive effects
@: no status effects
A: no striking features
a: no special abilities


You were on level 1 of the Dungeon.
You visited 1 branch of the dungeon, and saw 2 of its levels.

Inventory:

Hand Weapons
 a - a +0 rapier (weapon)
Armour
 b - a +0 scale mail (worn)
 c - a +0 buckler (worn)
 f - a +0 pair of gloves
   (You found it on level 1 of the Dungeon)
Scrolls
 e - a scroll of fog {unknown}
 g - a scroll of identify {unknown}
Potions
 d - a potion of might


   Skills:
 + Level 3.7 Fighting
 + Level 2.1 Short Blades
 + Level 3.4 Armour
 + Level 3.4 Shields


You couldn't memorise any spells.
You didn't know any spells.
Your spell library was empty.

Dungeon Overview and Level Annotations

Branches:
Dungeon (2/15) Zot: 11782

Altars:


Message History

Health restored: 20 No target in view!
e - a scroll labelled CAINYA VONTA No target in view!
You see here a +0 leather armour.
A rat comes into view.
The rat squeaks loudly.
The rat moves out of view.
No target in view!
A bat comes into view.
The bat moves out of view.
There are monsters nearby!
You hit the rat.
You kill the rat!
A bat is nearby!
You closely miss the bat. The bat hits you but does no damage.
A bat is nearby!
The bat hits you but does no damage. x2
A bat is nearby!
You miss the bat. The bat hits you but does no damage.
A bat is nearby!
The bat closely misses you.
A bat is nearby!
You barely miss the bat. The bat hits you but does no damage.
You block the bat's attack.
A bat is nearby!
The bat barely misses you. The bat hits you but does no damage.
A bat is nearby!
You barely miss the bat. The bat barely misses you.
A bat is nearby!
The bat hits you but does no damage.
A bat is nearby!
The bat hits you but does no damage.
A bat is nearby!
You miss the bat. The bat hits you but does no damage.
You block the bat's attack. x2
A bat is nearby!
You closely miss the bat. The bat hits you but does no damage.
A bat is nearby!
You hit the bat.
You kill the bat!
Key pressed, stopping explore.
No target in view!
Key pressed, stopping explore.
No target in view!
f - a +0 pair of gloves No target in view!
Found a stone staircase leading down.
No target in view!
A quokka comes into view.
The quokka moves out of view.
No target in view!
You closely miss the quokka. You block the quokka's attack.
A quokka is nearby!
The quokka bites you but does no damage.
You hit the quokka.
You kill the quokka!
You see here a quokka corpse.
An endoplasm comes into view.
The endoplasm quivers.
The endoplasm freezes you.
You are frozen.
You take 1 damage, and have 19/20 hp.
The endoplasm attacks as it pursues you!
The endoplasm hits you but does no damage.
Health restored: 20 An endoplasm is nearby!
You can't go down here!
You puncture the endoplasm!
You kill the endoplasm!
There is a stone staircase leading down here.
You climb downwards.
There is a stone staircase leading up here.
You climb upwards.
There is a stone staircase leading down here.
No target in view!
You see here a quokka corpse.
g - a scroll labelled LIGAOHAIKK You can't go down here!
No target in view!
A kobold comes into view. It is wielding a +0 dagger.
You see here a book of Transmutation.
A kobold is nearby!
A kobold is nearby!
The kobold hits you but does no damage.
You hit the kobold but do no damage. The kobold hits you but does no damage.
You miss the kobold. The kobold hits you but does no damage.
You completely miss the kobold. The kobold barely misses you.
You hit the kobold but do no damage. The kobold hits you with a +0 dagger.
You take 3 damage, and have 17/20 hp.
You hit the kobold but do no damage. The kobold closely misses you.
You hit the kobold.
You kill the kobold!
No target in view!
No target in view!
No target in view!
No target in view!
No target in view!
No target in view!
No target in view!

#.. ..# #.# #.#
#.#####.####
#.##.....†..
##....##.#...
#.....##.#.##
##########........#.##
#.......##.....####.##
#...)@..:.....## #.##
#..#.##.####### #... #
#. #.# ####### #### ##
#.# #.....# #.#
#.....# #### ..#
#.....# #... ###
#.....###.##
##.........#
#.......#..#


There were no monsters in sight!

Vanquished Creatures
  2 endoplasms (D:1)
  A quokka (D:1)
  A bat (D:1)
  A kobold (D:1)
  A rat (D:1)
6 creatures vanquished.

Notes
Turn   | Place    | Note
-------+----------+-------------------------------------------
     0 | D:1      | Wizardish the Hill Orc Fighter began the quest for the Orb.
     0 | D:1      | Reached XP level 1. HP: 19/19 MP: 1/1
   215 | D:1      | Quit the game

Illustrated notes

Levels and vault maps discovered:
D:1:      lemuel_arrival_tunnels, layout_loops_cross,
          ebering_ecumenical_altar_box
D:2:      layout_rooms, basic_altar, minmay_split_cup_small

Action                     || total
---------------------------++-------
  Melee: Rapier            ||    18
 Armour: Scale mail        ||    16
  Dodge: Dodged            ||     5
  Block: Buckler           ||     4

Table legend: (Time is in decaauts)
 A = Elapsed time spent in this place.
 B = Non-inter-level travel time spent in this place.
 C = Inter-level travel time spent in this place.
 D = Time resting spent in this place.
 E = Time spent auto-exploring this place.
 F = Levels seen in this place.
 G = Mean time per level.
                   A        B        C        D        E       F      G
               +--------+--------+--------+--------+--------+-----+--------+
         Total |    217 |    210 |      7 |      0 |    134 |   2 |  108.5 |
       Dungeon |    217 |    210 |      7 |      0 |    134 |   2 |  108.5 |
               +--------+--------+--------+--------+--------+-----+--------+

Top non-repeatable levels by time:
     D:1: 215 daAuts
     D:2: 1 daAuts

Levels and vault maps discovered:
D:1:      lemuel_arrival_tunnels, layout_loops_cross,
          ebering_ecumenical_altar_box
D:2:      layout_rooms, basic_altar, minmay_split_cup_small

Table legend: (Time is in decaauts)
 A = Elapsed time spent in this place.
 B = Non-inter-level travel time spent in this place.
 C = Inter-level travel time spent in this place.
 D = Time resting spent in this place.
 E = Time spent auto-exploring this place.
 F = Levels seen in this place.
 G = Mean time per level.
                   A        B        C        D        E       F      G
               +--------+--------+--------+--------+--------+-----+--------+
         Total |    217 |    210 |      7 |      0 |    134 |   2 |  108.5 |
       Dungeon |    217 |    210 |      7 |      0 |    134 |   2 |  108.5 |
               +--------+--------+--------+--------+--------+-----+--------+

Top non-repeatable levels by time:
     D:1: 215 daAuts
     D:2: 1 daAuts

Table legend:
 A = Kills in this place as a percentage of kills in the entire game.
 B = Kills by you in this place as a percentage of kills by you in the entire game.
 C = Kills by friends in this place as a percentage of kills by friends in the entire game.
 D = Other kills in this place as a percentage of other kills in the entire game.
 E = Experience gained in this place as a percentage of experience gained in the entire game.
 F = Experience gained in this place divided by the number of levels of this place that you have seen.
                   A       B       C       D       E      F
               +-------+-------+-------+-------+-------+----------------------
         Total | 100.0 | 100.0 |   N/A |   N/A | 100.0 |   4.5
       Dungeon | 100.0 | 100.0 |   N/A |   N/A | 100.0 |   4.5
               +-------+-------+-------+-------+-------+----------------------
